 Dungeon Crawl Stone Soup version 0.15.0-27-gbdb0435 (console) character file.

27053 gw the Bludgeoner (level 13, -7/124 HPs)
             Began as a Deep Dwarf Berserker on Sept 11, 2014.
             Was an Elder of Trog.
             Engulfed by a cloud of freezing vapour (13 damage)
             ... in an ice cave.
             The game lasted 00:14:21 (13388 turns).

gw the Bludgeoner (Deep Dwarf Berserker)           Turns: 13388, Time: 00:14:21

HP  -7/124       AC 17     Str 24      XL: 13   Next:  2%
MP   1/1         EV  9     Int  7      God: Trog [****..]
Gold 0           SH  0     Dex 16      Spells:  0 memorised, 12 levels left

rFire  + + .     SeeInvis +     b - -2 hand crossbow
rCold  x . .     Rnd*Rage +     I - +0 fire dragon armour "Exies" {rF++ rC- Str+1 SInv}
rNeg   + . .     rCorr    +     (no shield)
rPois  .         rRot     .     E - +1 helmet
rElec  .         Spirit   .     (no cloak)
SustAb .         Warding  .     (no gloves)
rMut   .         Stasis   .     K - +1 pair of boots {Stlth+}
Gourm  .                        h - amulet of resist corrosion
MR     ++...                    n - ring of protection from magic
                                B - ring of positive energy

@: non-regenerating, very resistant to hostile enchantments, very unstealthy
A: damage resistance, recharge devices, berserk 1, blurry vision 1, sense
surroundings 2, slow healing 3
a: Device Recharging, Burn Spellbooks, Berserk, Trog's Hand, Brothers in Arms,
Renounce Religion


You were in an ice cave.
You worshipped Trog.
Trog was greatly pleased with you.
You were not hungry.

You visited 2 branches of the dungeon, and saw 14 of its levels.
You also visited: Ice Cave and Volcano.

Inventory:

Hand weapons
 a - a +2 great mace of flaming
 b - a -2 hand crossbow (weapon)
Missiles
 l - 138 bolts (quivered)
 x - 6 bolts of frost
 y - 10 silver bolts
 D - 44 bolts of flame
 J - 13 bolts of penetration
Armour
 E - a +1 helmet (worn)
 I - the cursed +0 fire dragon armour "Exies" (worn) {rF++ rC- Str+1 SInv}
   (You found it in a volcano)

   It affects your strength (+1).
   It greatly protects you from fire.
   It makes you vulnerable to cold.
   It enhances your eyesight.
   It has a curse placed upon it.
 K - a +1 pair of boots of stealth (worn)
Magical devices
 c - a wand of heal wounds (4)
 f - a wand of enslavement (3)
 i - a wand of fire (0)
 r - a wand of digging (24)
 s - a wand of polymorph (7)
 t - a wand of paralysis (8)
 w - a wand of confusion (6) {unknown}
 A - a wand of random effects (14)
Comestibles
 d - 9 bread rations
 g - 13 fruits
 k - 10 beef jerkies
 q - 8 meat rations
 u - 7 royal jellies
 C - a slice of pizza
Scrolls
 e - 13 scrolls of identify
 j - 2 scrolls of blinking
 m - a scroll of fog
 v - 3 scrolls of remove curse
 H - a scroll of teleportation
Jewellery
 h - an amulet of resist corrosion (around neck)
 n - a ring of protection from magic (right hand)
 B - a ring of positive energy (left hand)
Potions
 p - 3 potions of curing
 F - 3 potions of berserk rage
Books
 o - a book of Fire

   Spells                             Type                      Level
   Ignite Poison                      Fire/Transmutation           5
   Fireball                           Conjuration/Fire             5
   Bolt of Fire                       Conjuration/Fire             6
   Delayed Fireball                   Conjuration/Fire             7
   Ring of Flames                     Charms/Fire                  7
   Trog disapproves of the use of such an item.
 G - a book of Flames

   Spells                             Type                      Level
   Flame Tongue                       Conjuration/Fire             1
   Throw Flame                        Conjuration/Fire             2
   Conjure Flame                      Conjuration/Fire             3
   Inner Flame                        Hexes/Fire                   3
   Sticky Flame                       Conjuration/Fire             4
   Fireball                           Conjuration/Fire             5
   Trog disapproves of the use of such an item.


   Skills:
 + Level 10.4 Fighting
 * Level 15.0 Maces & Flails
 + Level 7.0 Crossbows
 + Level 11.8 Armour
 - Level 2.1 Dodging


You had 12 spell levels left.
You didn't know any spells.

Dungeon Overview and Level Annotations

Branches:
Dungeon (11/15)            Temple (0/1) D:7             Orc (0/4) D:9
   Lair (3/8) D:10
  Swamp: Lair:3-6    Shoals: Lair:3-6     Snake: Lair:3-6    Spider: Lair:3-6

Altars:
Cheibriados
Dithmenos
Fedhas
Nemelex Xobeh
The Shining One

Shops:
D:4 %?   D:6 %


Innate Abilities, Weirdness & Mutations

You are resistant to damage.
You can recharge devices by infusing magical energy.
You passively map the area around you.
You do not heal naturally.
You tend to lose your temper in combat.
Your vision is a little blurry.


Message History

Unknown command.
ZAPPING ZAPPING Making a random move Evoke which item? (* to show all) (? for menu, Esc to quit)
Zapping:
f - a shiny ivory wand
Press: ? - help, Shift-Dir - straight line Nothing appears to happen.
f - a wand of enslavement {zapped: 1} QUAFFING Making a random move Drink which item? (? for menu, Esc to quit)
You feel extremely strange.
Your vision blurs.
You feel a little pissed off.
It was a potion of mutation.
You are engulfed in freezing vapours.
Unknown command.
Help; Fight failed; Stuck??? press s You are engulfed in freezing vapours.
You die...

* * * * * *
, * , , *
,,, * , #
*### * ,, **
#.*#.## * *
* ***
#..#¤¤####
,*
,#¤¤g¤¤¤##,*
*
#[##¤¤¤¤.##
* #
,##¤##..#,
** *
######.#
##.####.# ,*
* ,
#....#..# ,
** *
##......## ,
*
##..###.%.#
, ##..##
##.##


There were no monsters in sight!

Table legend:
 A = Turns spent in this place as a percentage of turns spent in the entire game.
 B = Non-inter-level travel turns spent in this place as a percentage of non-inter-level travel turns spent in the entire game.
 C = Inter-level travel turns spent in this place as a percentage of turns spent in this place.
 D = Turns resting spent in this place as a percentage of non-inter-level travel turns spent in this place.
 E = Turns spent auto-exploring this place as a percentage of non-inter-level travel turns spent in this place.
 F = Non-inter-level travel turns spent in this place divided by the number of levels of this place that you've seen.
                   A       B       C       D       E      F
               +-------+-------+-------+-------+-------+----------------------
         Total | 100.0 | 100.0 |   1.5 |   0.9 |   9.9 | 466.5
       Dungeon |  81.5 |  81.8 |   1.1 |   0.8 |  10.1 | 555.1
          Lair |  14.4 |  14.1 |   3.8 |   0.8 |   9.2 | 350.3
      Ice Cave |   1.2 |   1.2 |   0.0 |   4.5 |   8.0 |  88.0
       Volcano |   2.9 |   2.9 |   0.0 |   1.8 |   9.6 | 219.0
               +-------+-------+-------+-------+-------+----------------------

Table legend:
 A = Kills in this place as a percentage of kills in entire the game.
 B = Kills by you in this place as a percentage of kills by you in the entire game.
 C = Kills by friends in this place as a percentage of kills by friends in the entire game.
 D = Other kills in this place as a percentage of other kills in the entire game.
 E = Experience gained in this place as a percentage of experience gained in the entire game.
 F = Experience gained in this place divided by the number of levels of this place that you have seen.
                   A       B       C       D       E      F
               +-------+-------+-------+-------+-------+----------------------
         Total | 100.0 | 100.0 | 100.0 |  -nan | 100.0 | 2219.2
       Dungeon |  81.1 |  82.0 |  63.6 |  -nan |  61.8 | 1995.2
          Lair |  16.1 |  15.1 |  36.4 |  -nan |  31.4 | 3712.3
      Ice Cave |   1.1 |   1.1 |   0.0 |  -nan |   2.8 | 993.0
       Volcano |   1.7 |   1.8 |   0.0 |  -nan |   4.0 | 1431.0
               +-------+-------+-------+-------+-------+----------------------

Vanquished Creatures
  The ghost of gw the Basher, a powerful DDBe of Trog (D:11)
  A hydra (Lair:3)
  Fannar (D:11)
  The ghost of isthmus the Eclecticist, a powerful DECj of Vehumet (Lair:1)
  3 skeletal warriors (D:10)
  A hill giant (D:11)
  An unseen horror (D:7)
  Pikel (D:6)
  A black mamba (Lair:1)
  2 spiny frogs
  2 komodo dragons
  Psyche (D:8)
  5 two-headed ogres
  3 trolls
  A trapdoor spider zombie (D:11)
  2 polar bears
  6 blink frogs (Lair:2)
  Prince Ribbit (D:4)
  10 yaks
  3 deep elf magi (D:10)
  Eustachio (D:9)
  A wyvern (Lair:2)
  A hungry ghost (D:9)
  3 hogs (Volcano)
  2 hippogriffs
  4 wolves
  4 water moccasins
  Menkaure (D:4)
  4 slaves (D:6)
  11 ice beasts
  A soldier ant (D:8)
  2 porcupines
  4 black bears
  8 orc warriors
  8 centaurs
  3 yellow wasps
  3 sky beasts
  3 phantoms
  5 ogres
  6 crocodiles
  A big kobold (D:9)
  Blork the orc (D:7)
  6 giant frogs
  10 killer bees
  11 scorpions
  A hippogriff zombie (D:9)
  A troll zombie (D:8)
  3 electric eels (D:10)
  7 crimson imps
  A hippogriff skeleton (D:9)
  2 goliath beetles
  6 wights
  An elf zombie (D:10)
  A gnoll shaman (D:7)
  2 quasits
  A centaur skeleton (D:4)
  A giant frog skeleton (D:6)
  A jelly (D:9)
  3 orc priests
  6 hounds
  3 iguanas
  An elf skeleton (D:9)
  11 orc wizards
  12 worker ants
  Ijyb (D:4)
  An ogre zombie (D:8)
  An ogre skeleton (D:4)
  16 gnolls
  17 green rats
  A worker ant zombie (D:7)
  14 adders
  8 shadow imps
  A worm (D:3)
  6 giant geckos
  43 orcs
  A bat skeleton (D:4)
  A bat zombie (D:8)
  3 giant cockroaches
  20 goblins
  15 hobgoblins
  23 kobolds
  5 quokkas
  4 ball pythons
  13 bats
  5 giant newts
  2 goblin skeletons (D:5)
  A goblin zombie (D:5)
  3 hobgoblin zombies (D:5)
  16 jackals
  A kobold skeleton (D:5)
  3 kobold zombies
  An orc skeleton (D:6)
  7 orc zombies
  10 rats
  A fungus (Lair:3)
459 creatures vanquished.

Vanquished Creatures (collateral kills)
  A skeletal warrior (D:10)
  A komodo dragon (Lair:2)
  3 blink frogs (Lair:2)
  A troll (D:10)
  3 yaks (Lair:1)
  4 wolves (D:10)
  A phantom (D:10)
  3 killer bees (D:10)
  3 hounds (D:10)
  An adder (Lair:2)
  A jackal (D:10)
22 creatures vanquished.

Vanquished Creatures (others)
  A two-headed ogre (Volcano)
  A giant spore (D:9)
  2 plants (D:6)
4 creatures vanquished.

Grand Total: 485 creatures vanquished

Notes
Turn   | Place    | Note
--------------------------------------------------------------
     0 | D:1      | gw, the Deep Dwarf Berserker, began the quest for the Orb.
     0 | D:1      | Reached XP level 1. HP: 20/20 MP: 1/1
   150 | D:1      | Reached XP level 2. HP: 22/27 MP: 2/2
   282 | D:1      | Acquired Trog's second power
   931 | D:2      | Reached XP level 3. HP: 31/34 MP: 3/3
  1287 | D:2      | Reached skill level 4 in Maces & Flails
  1289 | D:2      | Reached XP level 4. HP: 27/42 MP: 4/4
  1568 | D:3      | Reached XP level 5. HP: 10/49 MP: 5/5
  1889 | D:3      | Reached skill level 5 in Maces & Flails
  2097 | D:3      | Found a sparkling altar of Nemelex Xobeh.
  2321 | D:4      | Found Ghywn's Magic Scroll Boutique.
  2338 | D:4      | Reached XP level 6. HP: 25/57 MP: 6/6
  2401 | D:4      | Noticed Ijyb
  2429 | D:4      | Killed Ijyb
  2473 | D:4      | Acquired Trog's third power
  2529 | D:4      | Noticed Prince Ribbit
  2538 | D:4      | Killed Prince Ribbit
  2538 | D:4      | Reached skill level 6 in Maces & Flails
  2538 | D:4      | Reached XP level 7. HP: 42/64 MP: 7/7
  2591 | D:4      | Found Syucwoth's Food Shoppe.
  2597 | D:4      | Noticed Menkaure
  2607 | D:4      | Killed Menkaure
  2607 | D:4      | Received a gift from Trog
  2641 | D:4      | Found a sparkling altar of Nemelex Xobeh.
  2897 | D:4      | Gained mutation: You are resistant to hostile enchantments. [potion of beneficial mutation]
  2918 | D:5      | Entered Level 5 of the Dungeon
  3002 | D:5      | Reached skill level 7 in Maces & Flails
  3002 | D:5      | Reached skill level 5 in Armour
  3019 | D:5      | Reached skill level 5 in Fighting
  3220 | D:5      | Found a glowing golden altar of the Shining One.
  3242 | D:5      | Reached XP level 8. HP: 47/74 MP: 8/8
  4260 | D:6      | Reached skill level 8 in Maces & Flails
  4302 | D:6      | Noticed Pikel
  4452 | D:6      | Killed Pikel
  4533 | D:6      | Found a blossoming altar of Fedhas.
  4557 | D:6      | Found a snail-covered altar of Cheibriados.
  4683 | D:6      | Reached skill level 9 in Maces & Flails
  4683 | D:6      | Gained mutation: You passively map the area around you. [level up]
  4683 | D:6      | Reached XP level 9. HP: 47/82 MP: 9/9
  4697 | D:6      | Found Sac Ismu's Food Boutique.
  5035 | D:6      | Reached skill level 12 in Maces & Flails
  5035 | D:6      | Reached XP level 10. HP: 39/96 MP: 10/10
  5036 | D:6      | Lost mutation: You are resistant to hostile enchantments. [potion of cure mutation]
  5116 | D:7      | Noticed Blork the orc
  5128 | D:7      | Killed Blork the orc
  5149 | D:7      | Killed an unseen horror
  5190 | D:7      | Found a staircase to the Ecumenical Temple.
  6102 | D:8      | Received a gift from Trog
  6291 | D:8      | Noticed Psyche
  6301 | D:8      | Killed Psyche
  6760 | D:8      | Reached skill level 10 in Armour
  6765 | D:8      | Reached XP level 11. HP: 44/104 MP: 5/5
  6966 | D:9      | Found a shadowy altar of Dithmenos.
  6985 | D:9      | Found a staircase to the Orcish Mines.
  7067 | D:9      | Reached skill level 1 in Crossbows
  7204 | D:9      | Noticed Eustachio
  7224 | D:9      | Killed Eustachio
  7295 | D:9      | Reached skill level 13 in Maces & Flails
  7463 | D:9      | Received a gift from Trog
  8133 | D:9      | Identified a scroll of acquirement
  8178 | D:10     | Entered Level 10 of the Dungeon
  8457 | D:10     | Found a staircase to the Lair.
  9036 | D:10     | Noticed a skeletal warrior
  9036 | D:10     | Noticed a skeletal warrior
  9050 | D:10     | Noticed a skeletal warrior
  9050 | D:10     | Noticed a skeletal warrior
  9054 | D:10     | Killed a skeletal warrior
  9059 | D:10     | Killed a skeletal warrior
  9063 | D:10     | Killed a skeletal warrior
  9067 | D:10     | Killed a skeletal warrior
  9578 | D:11     | Found a labyrinth entrance.
  9947 | D:11     | Noticed gw's ghost (powerful DDBe)
  9961 | D:11     | Killed gw's ghost
  9961 | D:11     | Reached skill level 14 in Maces & Flails
  9961 | D:11     | Reached XP level 12. HP: 91/115 MP: 1/1
 10108 | D:11     | Noticed a hill giant
 10119 | D:11     | Killed a hill giant
 10134 | D:11     | Received a gift from Trog
 10180 | D:11     | Noticed Fannar
 10195 | D:11     | Killed Fannar
 10195 | D:11     | Reached skill level 5 in Crossbows
 10458 | Lair:1   | Entered Level 1 of the Lair of Beasts
 10534 | Lair:1   | Noticed isthmus' ghost (powerful DECj)
 10555 | Lair:1   | Killed isthmus' ghost
 10907 | Lair:1   | Found a dark tunnel.
 10912 | Volcano  | Entered a volcano
 10930 | Volcano  | Reached skill level 10 in Fighting
 11026 | Volcano  | Got a distressingly furry fire dragon armour
 11037 | Volcano  | Identified the cursed +0 fire dragon armour "Exies" {rF++ rC- Str+1 SInv} (You found it in a volcano)
 11780 | Lair:2   | Received a gift from Trog
 12771 | Lair:3   | Noticed a seven-headed hydra
 12798 | Lair:3   | Received a gift from Trog
 12802 | Lair:3   | Killed a seven-headed hydra
 12922 | Lair:3   | Received a gift from Trog
 13121 | Lair:3   | Found a frozen archway.
 13142 | Lair:3   | Reached skill level 15 in Maces & Flails
 13227 | IceCv    | Entered an ice cave
 13246 | IceCv    | Reached XP level 13. HP: 102/124 MP: 1/1
 13386 | IceCv    | Gained mutation: Your vision is a little blurry. [potion of mutation]
 13386 | IceCv    | Gained mutation: You tend to lose your temper in combat. [potion of mutation]
 13387 | IceCv    | HP: 6/124 [cloud of freezing vapour (16)]
 13388 | IceCv    | Engulfed by a cloud of freezing vapour

Action                   |  1- 3 |  4- 6 |  7- 9 | 10-12 | 13-15 || total
-------------------------+-------+-------+-------+-------+-------++-------
Melee: Mace              |   121 |     2 |       |       |       ||   123
       Flail             |       |   168 |   389 |   237 |       ||   794
       Great mace        |       |       |       |   578 |     7 ||   585
       Dire flail        |       |       |       |   105 |       ||   105
 Fire: Hand crossbow     |       |       |       |   253 |       ||   253
Invok: Berserk           |     1 |     2 |     2 |    10 |       ||    15
       Trog's Hand       |     1 |     2 |     1 |    16 |       ||    20
       Brothers in Arms  |       |       |     1 |     7 |       ||     8
 Abil: Device Recharging |       |       |       |    12 |       ||    12
Evoke: Wand              |       |     2 |     7 |    44 |     1 ||    54
  Use: Scroll            |     4 |     2 |     3 |    16 |       ||    25
       Potion            |     3 |     1 |     5 |    10 |     1 ||    20
 Stab: Distracted        |       |       |       |     2 |       ||     2
  Eat: Chunk             |     2 |     7 |    13 |    37 |     1 ||    60
       Bread ration      |       |       |       |     1 |       ||     1

Vault maps used:
D:1:      zaba_arrival_water, hangedman_glass_teeth, kennysheep_another_room
D:2:      patterned_corridor
D:3:      nemelex_deck, first_bread
D:4:      kennysheep_the_goblin_king, serial_shops, shop, nicolae_shop_stone,
          nemelex_spade_bored_becter, uniq_menkaure, uniq_prince_ribbit1
D:5:      nicolae_tso_besieged_by_evil
D:6:      fedhas_altar_decomposition, serial_shops, shop, cheibriados_altar_1,
          uniq_pikel
D:7:      temple_pool_b, uniq_blork_the_orc
D:8:      hangedman_pestilent_swarm, uniq_psyche
D:9:      minmay_imperfect_grid, nicolae_overflow_hidden_temple, st_stairs_6,
          minmay_misc_feat_cross, uniq_eustachio
D:10:     erik_lair_island
D:11:     lab_entry_generic, uniq_fannar
Lair:1:   nicolae_volcano_entry_s_turn
Lair:2:   wad_woods_minihive
Lair:3:   portal_ice_cave_entry_ice_beasts, minivault_26,
          roderic_lost_polar_bear
IceCv:    ice_cave_caverns_03
Volcano:  volcano_village
